 Seeded DCSS version 0.28-a0-48-gfd831c5874 (webtiles) character file.

Game seed: 6480292630353248191 (custom seed)

39918 flotson the Fighter (level 13, -15/103 HPs)
             Began as a Demonspawn Delver on July 29, 2021.
             Was an Initiate of Gozag.
             Demolished by a cane toad (63 damage)
             ... on level 6 of the Lair of Beasts.
             The game lasted 00:29:13 (17471 turns).

flotson the Fighter (Demonspawn Delver)            Turns: 17471, Time: 00:29:14

Health: -15/103    AC: 14    Str: 16    XL:     13   Next: 71%
Magic:  13/13      EV: 15    Int: 12    God:    Gozag
Gold:   2786       SH:  0    Dex: 16    Spells: 12/12 levels left

rFire   . . .      SeeInvis .   a - +5 club (spect)
rCold   . . .      Faith    .   f - +2 buckler
rNeg    . . .      Spirit   .   B - +2 ring mail
rPois   +          Reflect  .   (helmet restricted)
rElec   .          Harm     +   D - scarf {harm}
rCorr   .          Rampage  .   J - +0 pair of gloves
Will    .....                   (no boots)
Stlth   ++........              b - amulet of regeneration
HPRegen 1.27/turn               l - ring of poison resistance
MPRegen 0.13/turn               o - +4 ring of protection

@: lethally poisoned (-15 -> -15), sleeping, gold aura
A: horns 2, large bone plates 3, foul stench 2, spiny 1
a: Renounce Religion, Potion Petition, Call Merchant, Bribe Branch


You were on level 6 of the Lair of Beasts.
You worshipped Gozag.
Gozag was most pleased with you.
You visited 3 branches of the dungeon, and saw 18 of its levels.

You collected 3179 gold pieces.
You spent 305 gold pieces at shops.
You paid 88 gold pieces to Gozag.

Inventory:

Hand Weapons
 a - a +5 spectral club (weapon)
 M - a +0 trident of protection
Missiles
 p - 9 atropa-tipped darts
 L - 39 poisoned darts
 P - a throwing net
 Q - a curare-tipped dart
 X - 10 javelins (quivered)
Armour
 f - a +2 buckler (worn)
 B - a +2 ring mail (worn)
 D - a scarf of harm (worn)
 J - a +0 pair of gloves (worn)
Jewellery
 b - an amulet of regeneration (around neck)
 h - a ring of see invisible
 l - a ring of poison resistance (left hand)
 o - a +4 ring of protection (right hand)
 r - a +6 ring of strength
 C - a ring of protection from fire
 F - a ring of protection from cold
 I - a ring of flight
Wands
 e - a wand of charming (10)
 g - a wand of digging (6)
 i - a wand of paralysis (14)
 m - a wand of acid (9)
 O - a wand of iceblast (22)
 R - a wand of polymorph (3)
 U - a wand of mindburst (8)
Scrolls
 c - 2 scrolls of fog
 q - 2 scrolls of blinking
 s - 6 scrolls of magic mapping
 u - a scroll of summoning {unknown}
 x - 3 scrolls of silence
 y - 5 scrolls of teleportation
 A - 2 scrolls of acquirement {unknown}
 G - 2 scrolls of fear
 S - 2 scrolls of vulnerability {unknown}
 T - a scroll of enchant armour {unknown}
 Y - 2 scrolls of immolation {unknown}
 Z - a scroll of amnesia {unknown}
Potions
 d - a potion of lignification
 j - 2 potions of attraction
 n - 3 potions of ambrosia
 t - 4 potions of haste
 w - 6 potions of heal wounds
 z - a potion of invisibility
 E - a potion of berserk rage
 H - 4 potions of curing
 K - 3 potions of might
 N - 4 potions of resistance
 V - a potion of cancellation
 W - 2 potions of flight
Miscellaneous
 k - a phantom mirror


   Skills:
 + Level 10.2 Fighting
 + Level 9.1 Axes
 + Level 9.0 Throwing
 + Level 9.0 Armour
 + Level 9.2 Dodging
 - Level 4.6 Stealth
 - Level 4.0 Shields
 + Level 9.6 Evocations


You had 12 spell levels left.
You didn't know any spells.
Your spell library contained the following spells:

 Spells                   Type           Power      Damage    Failure   Level
 Blink                    Tloc           N/A        N/A       63%         2
 Corpse Rot               Necr/Air       N/A        N/A       63%         2
 Poisonous Vapours        Pois/Air       0%         N/A       63%         2
 Dazzling Flash           Conj/Hex       0%         N/A       86%         3
 Gell's Gravitas          Tloc           0%         N/A       86%         3
 Lesser Beckoning         Tloc           0%         N/A       86%         3
 Teleport Other           Tloc           0%         N/A       86%         3
 Iskenderun's Mystic Bla  Conj/Tloc      0%         2d3       99%         4
 Agony                    Necr           0%         N/A       100%        5
 Freezing Cloud           Conj/Ice/Air   0%         6-21      100%        5
 Manifold Assault         Tloc           0%         N/A       100%        5
 Silence                  Hex/Air        0%         N/A       100%        5
 Starburst                Conj/Fire      0%         8x6d3     100%        6


Dungeon Overview and Level Annotations

Branches:
Dungeon (11/15)            Temple (1/1) D:6            Lair (6/6) D:9
  Swamp (0/4) Lair:2        Snake (0/4) Lair:2
  Slime: Lair:5-6       Orc: D:9-12

Altars:
Ashenzari
Cheibriados
Dithmenos
Elyvilon
Fedhas
Gozag
Hepliaklqana
Kikubaaqudgha
Makhleb
Nemelex Xobeh
Okawaru
Qazlal
Ru
Sif Muna
Trog
Uskayaw
Vehumet
Wu Jian
Xom
Yredelemnul
Zin
The Shining One
Beogh

Shops:
D:6 ?   D:8 *!

Annotations:
D:7 4 runed translucent doors, TheBeaver's ghost, novice DsMo
Lair:1 1 runed translucent door, Xatawomy's ghost, novice OgWr
Lair:6 exclusion: 2 oklob plants


Innate Abilities, Weirdness & Mutations

You have a pair of horns on your head.
You are completely covered in large bone plates. (SH +8)
You sometimes emit foul miasma when damaged in melee.
You are partially covered in sharp spines.


Message History

The cane toad is severely wounded.
Your spectral +5 spectral club hits the cane toad but does no damage.
You feel very sick. You block the black mamba's attack.
The black mamba is struck by your spines.
The black mamba bites you but does no damage.
The cane toad is struck by your spines. The cane toad completely misses you.
You block the dream sheep's attack.
You hit the cane toad but do no damage.
You headbutt the cane toad, but do no damage.
The cane toad is almost dead.
Your spectral +5 spectral club misses the cane toad.
You feel very sick. You block the black mamba's attack.
The black mamba is struck by your spines.
The black mamba closely misses you.
The cane toad stings you but does no damage.
A catoblepas comes into view.
You barely miss the cane toad.
The cane toad is almost dead.
Your spectral +5 spectral club hits the cane toad.
You feel sick.
The black mamba is struck by your spines.
The black mamba closely misses you.
The cane toad stings your spectral +5 spectral club!
Your spectral weapon shares its damage with you!
You block the black mamba's attack.
The dream sheep misses your spectral +5 spectral club.
The dream sheep shake their wool and sparkle.
You feel drowsy...
You fall asleep.
You feel sick.
The black mamba is struck by your spines.
The black mamba closely misses you. The cane toad closely misses you.
The dream sheep closely misses you.
The black mamba is struck by your spines.
You kill the black mamba!
You feel sick. The cane toad stings you!!!
Ouch! That really hurt!
You die...
Your body crumbles into a pile of gold.

..................#
..................#
.............b....##
...................## ###
....................##...
..........................
.........YYFY.............
.......Y..$@..............
##PP..#...................
#P.$ #...................
#?$ #...................
#P $#...................
#$ $$#...........<.....$.
##.#####...##......# ###
#.### .##.#.. ### ## ##


You could see a catoblepas, a cane toad and 3 dream sheep.

Vanquished Creatures
  7 hydras
  A boulder beetle (Lair:4)
  4 death yaks (Lair:4)
  2 two-headed ogres
  A bog body (Lair:2)
  An ugly thing (D:7)
  6 elephants
  7 black mambas
  A torpor snail (Lair:5)
  13 cane toads
  A rime drake (Lair:4)
  4 komodo dragons
  A troll (D:11)
  A polar bear (Lair:5)
  A wandering mushroom (Lair:3)
  15 blink frogs
  A shadow (D:9)
  6 dream sheep
  Sigmund (D:2)
  4 wyverns
  3 basilisks
  38 yaks
  5 steam dragons
  4 vampire mosquitoes
  Grum (D:8)
  An acid dragon (D:8)
  4 nagas (Lair:2)
  9 water moccasins
  An orc warrior (D:4)
  2 ice beasts
  3 black bears
  A hornet zombie (D:7)
  A sky beast (D:6)
  2 necrophages
  25 wolves
  An ogre (D:5)
  2 centaurs (D:9)
  A phantom (D:5)
  2 kobold brigands
  8 bullfrogs
  11 scorpions
  2 gnoll sergeants
  A water moccasin skeleton (D:7)
  A wyvern skeleton (D:5)
  3 ballistomycetes (Lair:3)
  A killer bee (D:7)
  2 jellies
  2 bullfrog zombies
  3 centaur zombies
  3 orc priests
  4 hounds
  A centaur skeleton (D:5)
  An iguana (D:7)
  Ijyb (D:3)
  Jessica (D:3)
  3 bullfrog skeletons
  6 orc wizards
  4 howler monkey zombies
  5 adders
  6 gnolls
  A howler monkey skeleton (D:6)
  A shadow imp (D:4)
  2 ufetubi
  2 worms (D:2)
  The ghost of flotson the Sneak, a weakling DsDe (D:3)
  A dart slug (D:2)
  18 orcs
  5 ball pythons
  9 endoplasms
  8 giant cockroaches
  3 goblins
  3 hobgoblins (D:2)
  12 kobolds
  2 bats (D:2)
  4 frilled lizards
  6 rats
  3 ballistomycete spores (Lair:3)
  A butterfly (D:7)
335 creatures vanquished.

Vanquished Creatures (others)
  5 ballistomycete spores (Lair:3)
  21 fungi
  37 plants
63 creatures vanquished.

Grand Total: 398 creatures vanquished

Notes
Turn   | Place    | Note
-------+----------+-------------------------------------------
     0 | D:5      | flotson the Demonspawn Delver began the quest for the Orb.
     0 | D:5      | Reached XP level 1. HP: 18/18 MP: 1/1
    25 | D:5      | Noticed a hound
    69 | D:4      | Noticed a scorpion
    87 | D:4      | Noticed a black bear
   233 | D:3      | Gained mutation: You have a pair of small horns on your
                  | head. [demonic ancestry]
   233 | D:3      | Reached XP level 2. HP: 16/24 MP: 2/2
   346 | D:2      | Noticed Jessica
   346 | D:2      | Noticed Sigmund
   357 | D:3      | Killed Jessica
   358 | D:3      | Reached skill level 1 in Throwing
   358 | D:3      | Gained mutation: You may rarely emit foul miasma when
                  | damaged in melee. [demonic ancestry]
   358 | D:3      | Reached XP level 3. HP: 3/29 MP: 3/3
   680 | D:3      | Noticed Ijyb
   760 | D:3      | Reached skill level 1 in Armour
   849 | D:3      | Killed Ijyb
   850 | D:3      | Reached skill level 1 in Shields
   850 | D:3      | Reached XP level 4. HP: 15/35 MP: 4/4
  1744 | D:1      | Found a faded altar of an unknown god.
  2381 | D:2      | Killed Sigmund
  2382 | D:2      | Reached skill level 1 in Evocations
  2382 | D:2      | Gained mutation: You are partially covered in large bone
                  | plates. (SH +4) [demonic ancestry]
  2382 | D:2      | Reached XP level 5. HP: 40/42 MP: 5/5
  2382 | D:2      | Gained mutation: You sometimes emit foul miasma when
                  | damaged in melee. [demonic ancestry]
  2382 | D:2      | Reached XP level 6. HP: 46/48 MP: 6/6
  3048 | D:4      | Reached skill level 4 in Fighting
  3161 | D:4      | Gained mutation: You are partially covered in sharp spines.
                  | [demonic ancestry]
  3161 | D:4      | Reached XP level 7. HP: 53/54 MP: 7/7
  3199 | D:4      | Found a stormy altar of Qazlal.
  3232 | D:4      | Identified the +4 short sword of War {drain, Contam rPois
                  | rCorr Dex+4}
  3233 | D:4      | Found a runed translucent gate.
  3233 | D:4      | Noticed flotson's ghost (weakling DsDe)
  3234 | D:4      | Found a runed translucent gate.
  3234 | D:4      | Found a runed translucent gate.
  3235 | D:4      | Identified the +1 plate armour of Submission {Harm}
  3613 | D:3      | Killed flotson's ghost
  4314 | D:5      | Reached XP level 8. HP: 61/61 MP: 8/8
  4941 | D:5      | Found a snail-covered altar of Cheibriados.
  5007 | D:6      | Reached skill level 5 in Fighting
  5228 | D:6      | Gained mutation: You are mostly covered in large bone
                  | plates. (SH +6) [demonic ancestry]
  5228 | D:6      | Reached XP level 9. HP: 68/68 MP: 9/9
  5238 | D:6      | Found a staircase to the Ecumenical Temple.
  5247 | Temple   | Entered the Ecumenical Temple
  5308 | Temple   | Became a worshipper of Gozag Ym Sagoz the Greedy
  5472 | D:6      | Found Vaheip's Magic Scroll Shop.
  5481 | D:6      | Bought a scroll of identify for 28 gold pieces
  5481 | D:6      | Bought a scroll of identify for 28 gold pieces
  5523 | D:6      | Found a burning altar of Makhleb.
  5580 | D:6      | Found a blossoming altar of Fedhas.
  5858 | D:6      | Found a shimmering blue altar of Sif Muna.
  6001 | D:6      | Found a basalt altar of Yredelemnul.
  6125 | D:6      | Reached skill level 6 in Fighting
  6125 | D:6      | Reached skill level 5 in Dodging
  6532 | D:7      | Reached skill level 5 in Axes
  6918 | D:7      | Found a runed translucent door.
  6923 | D:7      | Found a runed translucent door.
  6939 | D:7      | Reached skill level 5 in Evocations
  7054 | D:7      | Noticed a purple ugly thing
  7069 | D:7      | Killed a purple ugly thing
  7070 | D:7      | Reached skill level 5 in Throwing
  7070 | D:7      | Reached skill level 5 in Armour
  7070 | D:7      | Gained mutation: You have a pair of horns on your head.
                  | [demonic ancestry]
  7070 | D:7      | Reached XP level 10. HP: 31/77 MP: 10/10
  7344 | D:7      | Found a runed translucent gate.
  7344 | D:7      | Found a runed translucent gate.
  7344 | D:7      | Noticed TheBeaver's ghost (novice DsMo)
  7345 | D:7      | Found a runed translucent gate.
  7480 | D:8      | Found Iqemin's Distillery.
  7493 | D:8      | Noticed a two-headed ogre
  7524 | D:7      | Killed a two-headed ogre
  7660 | D:8      | Bought a potion of berserk rage for 50 gold pieces
  7660 | D:8      | Bought a potion of might for 40 gold pieces
  8030 | D:8      | Found Jagaxeud's Assorted Antiques.
  8051 | D:8      | Bought a puce potion for 30 gold pieces
  8051 | D:8      | Bought 2 black potions for 61 gold pieces
  8051 | D:8      | Bought a scroll of identify for 68 gold pieces
  8101 | D:8      | Noticed Grum
  8104 | D:8      | Reached skill level 7 in Fighting
  8111 | D:8      | Killed Grum
  8527 | D:9      | Noticed a two-headed ogre
  8532 | D:9      | Killed a two-headed ogre
  8727 | D:9      | Reached XP level 11. HP: 71/84 MP: 11/11
  8980 | D:9      | Found a staircase to the Lair.
  9379 | D:10     | Entered Level 10 of the Dungeon
  9559 | D:10     | Noticed a +0 dagger
  9559 | D:10     | Noticed a +0 hand axe
  9561 | D:10     | Found a hide-covered altar of Uskayaw.
  9976 | D:10     | Found an ornate altar of the Wu Jian Council.
 10405 | Lair:1   | Entered Level 1 of the Lair of Beasts
 10906 | Lair:1   | Found a runed translucent door.
 10910 | Lair:1   | Found a shimmering altar of Xom.
 10910 | Lair:1   | Noticed Xatawomy's ghost (novice OgWr)
 10911 | Lair:1   | Noticed a +1 mace of chaos
 10951 | Lair:1   | Noticed a six-headed hydra
 10972 | Lair:1   | Killed a six-headed hydra
 10974 | Lair:1   | Reached skill level 8 in Fighting
 11022 | Lair:1   | Noticed a six-headed hydra
 11258 | Lair:1   | Killed a six-headed hydra
 11940 | Lair:2   | Found a staircase to the Swamp.
 11947 | Lair:2   | Noticed a bog body
 11968 | Lair:2   | Killed a bog body
 12267 | Lair:2   | Reached XP level 12. HP: 34/94 MP: 12/12
 12736 | Lair:2   | Noticed a four-headed hydra
 12748 | Lair:2   | Killed a four-headed hydra
 13457 | Lair:2   | Found a staircase to the Snake Pit.
 14040 | Lair:3   | Noticed a four-headed hydra
 14051 | Lair:2   | Killed a four-headed hydra
 14052 | Lair:2   | Reached skill level 9 in Fighting
 15486 | Lair:4   | Noticed a death yak
 15486 | Lair:4   | Noticed a death yak
 15487 | Lair:4   | Noticed a death yak
 15487 | Lair:4   | Noticed a death yak
 15506 | Lair:4   | Killed a death yak
 15523 | Lair:4   | Killed a death yak
 15524 | Lair:4   | Gained mutation: You are completely covered in large bone
                  | plates. (SH +8) [demonic ancestry]
 15524 | Lair:4   | Reached XP level 13. HP: 73/101 MP: 13/13
 16721 | Lair:4   | Reached skill level 10 in Fighting
 17419 | Lair:6   | Entered Level 6 of the Lair of Beasts
 17471 | Lair:6   | Demolished by a cane toad

Illustrated notes

Levels and vault maps discovered:
D:1:      dpeg_arrival_arbitrary_a, layout_basic,
          shapermc_ecumenical_altar_mp_ritualfount
D:2:      wander_river, layout_basic, uniq_jessica, uniq_sigmund
D:3:      layout_basic, uniq_ijyb
D:4:      layout_cave_pools, mainiacjoe_overflow_alcove_2,
          biasface_ghost_orc_armoury, serial_bayou, serial_bayou_pond_e,
          serial_bayou_shore_b, serial_bayou_crossing, serial_bayou_pond_d,
          serial_bayou_ford_a
D:5:      layout_cave_pods, general_overflow_altar
D:6:      layout_loops_corners, mainiacjoe_overflow_catwalk,
          makhleb_blood_cavern_becter, mainiacjoe_overflow_swirl,
          minmay_temple_entry_butterflies, serial_shops, nicolae_diamond_shop,
          grunt_ministairs_14
D:7:      lemuel_insect_pit, layout_basic, ebering_ghost_rock_garden
D:8:      cheibrodos_steamvent, layout_rooms, mainiacjoe_overflow_boulevard,
          serial_shops, shop, nicolae_inconvenience_store, uniq_grum
D:9:      layout_cave_pools, lair_entry_dummy, minmay_misc_feat_cross
D:10:     layout_loops_ring, nicolae_wu_jian_glorious_leap,
          dancing_weapons_uskayaw
D:11:     layout_irregular_city, erik_orc_1, minivault_16, uniq_erica,
          uniq_erolcha, uniq_josephine
Temple:   dshaligram_water_room_temple
Lair:1:   layout_misc_corridors, ebering_ghost_xom, grunt_megastairs_2,
          infiniplex_staircase_pool_2
Lair:2:   layout_cave_pods, skrybe_swamp_entry_bodies,
          minmay_snake_entry_guardpost_medium, cheibrodos_lair_caveside_slide
Lair:3:   minmay_lair_oklob_tunnel, layout_cellular_growth,
          infiniplex_staircase_pool
Lair:4:   layout_roguey
Lair:5:   layout_misc_corridors, pond
Lair:6:   grunt_lair_end_beastmaster, layout_long_grid, slime_altar_1,
          lemuel_fruit_fields, serial_bayou_shore_b, minmay_lair_oklob_chamber

Skill      XL: |  1  2  3  4  5  6  7  8  9 10 11 12 13 |
---------------+----------------------------------------+-----
Axes           | 2 3 4 5 6 7 8 9 |  9.1
Dodging        | 2 3 4 5 6 7 8 9 |  9.2
Throwing       | 1 2 3 5 6 7 8 9 |  9.0
Armour         | 1 2 3 5 6 7 8 9 |  9.0
Shields        | 1 2 3 4 |  4.0
Evocations     | 1 2 4 5 6 7 8 9 |  9.6
Fighting       | 4 5 6 7 8 9 10 | 10.2
Stealth        | |  4.6

Action                   |  1- 3 |  4- 6 |  7- 9 | 10-12 | 13-15 || total
-------------------------+-------+-------+-------+-------+-------++-------
Melee: Hand axe          |    33 |       |       |       |       ||    33
       Headbutt          |     2 |    10 |    49 |   134 |    71 ||   266
       Club              |    12 |    54 |   202 |   482 |   241 ||   991
Throw: Boomerang         |     3 |     2 |     6 |     2 |       ||    13
       Javelin           |       |       |       |    13 |       ||    13
Evoke: Wand              |       |     2 |       |    22 |       ||    24
  Use: Scroll            |     2 |       |    11 |     6 |     1 ||    20
       Potion            |     1 |       |       |     2 |       ||     3
 Stab: Sleeping          |     1 |     6 |     4 |     5 |     1 ||    17
       Distracted        |       |     2 |     4 |    14 |     7 ||    27
       Paralysed         |       |       |       |     6 |       ||     6
Armor: Ring mail         |    13 |     9 |    44 |   103 |    49 ||   218
Dodge: Dodged            |    24 |    16 |    71 |   191 |   103 ||   405
Block: Buckler           |     9 |    14 |   105 |   244 |   202 ||   574

Table legend: (Time is in decaauts)
 A = Elapsed time spent in this place.
 B = Non-inter-level travel time spent in this place.
 C = Inter-level travel time spent in this place.
 D = Time resting spent in this place.
 E = Time spent auto-exploring this place.
 F = Levels seen in this place.
 G = Mean time per level.
                   A        B        C        D        E       F      G
               +--------+--------+--------+--------+--------+-----+--------+
         Total |  17662 |  16990 |    672 |   1501 |  12615 |  18 |  981.2 |
       Dungeon |  10874 |  10522 |    352 |    915 |   8071 |  11 |  988.5 |
        Temple |     77 |     61 |     16 |      0 |     57 |   1 |   77.0 |
          Lair |   6709 |   6406 |    303 |    586 |   4487 |   6 | 1118.2 |
               +--------+--------+--------+--------+--------+-----+--------+

Top non-repeatable levels by time:
  Lair:2: 2198 daAuts
     D:3: 1818 daAuts
     D:6: 1502 daAuts
  Lair:4: 1339 daAuts
     D:9: 1328 daAuts
  Lair:3: 1175 daAuts
  Lair:1: 1166 daAuts
     D:7: 1054 daAuts
     D:5: 999 daAuts
     D:8: 963 daAuts
     D:4: 888 daAuts
    D:10: 844 daAuts
  Lair:5: 777 daAuts
     D:2: 688 daAuts
     D:1: 657 daAuts
